AoeStats
← Elite Viking

Black Forest

507975563Analyzed
2v2 RM · 12d ago on Sep 20, 2026· 76m 35s· 4 players
Game mode
Random Map
Map size
Medium (4 player)
Population
200
Speed
Normal
Resources
Standard
Victory
Conquest
Starting age
Dark Age
Ending age
Imperial Age
RankedLock teamsTeams togetherTeam positionsShared explorationLock speedFull tech treeHidden civsTurbo modeCheats
Victory
Defeat
🇦🇷 Portuguese · Argentina
1010
+14
🇩🇪 Sicilians · Germany
923
+18
🇿🇦 Tupi · South Africa
961
-16
🇿🇦 Spanish · South Africa
956
-16
Elite Viking
0:59 Loom
15:07 Feudal Age
15:47 Horse Collar
15:53 Double-Bit Axe
19:56 Castle Age
17:53 Champi Runner
18:51 Scale Mail Armor
21:00 Chain Mail Armor
21:34 Forging
23:38 Squires
24:05 Squires
25:05 Fletching
25:35 Heavy Plow
28:28 Bow Saw
29:37 Wheelbarrow
29:41 Caravan
30:10 Bodkin Arrow
30:06 Arson
30:56 Town Watch
32:07 Hand Cart
35:15 Iron Casting
37:50 Imperial Age
35:48 Gold Mining
35:50 Stone Mining
35:35 Pikeman
36:32 Champi Warrior
37:37 Ballistics
38:28 Gold Shaft Mining
38:10 Padded Archer Armor
39:55 Two-Man Saw
39:14 Curare
41:04 Chemistry
40:40 Town Patrol
41:09 Conscription
41:20 Conscription
40:29 Elite Blackwood Archer
41:29 Bracer
42:04 Plate Mail Armor
41:50 Leather Archer Armor
42:01 Conscription
42:45 Elite Ibirapema Warrior
44:40 Hoardings
44:18 Onager
45:38 Ring Archer Armor
44:40 Elite Champi Warrior
46:37 Caciques
55:44 Halberdier
60:46 Treadmill Crane
THmasterchief
1:42 Loom
4:58 Loom
13:14 Feudal Age
13:52 Double-Bit Axe
14:40 Horse Collar
22:08 Castle Age
23:35 Bow Saw
24:00 Heavy Plow
25:50 Fletching
25:52 Stone Mining
37:56 Imperial Age
37:38 Caravan
39:18 Wheelbarrow
41:05 Fortified Wall
41:07 Masonry
41:56 Hand Cart
42:07 Ballistics
41:45 Bodkin Arrow
42:55 Chemistry
44:12 Architecture
44:42 Hoardings
44:29 Conscription
44:05 Gold Mining
44:51 Stone Shaft Mining
44:16 Town Watch
45:40 Two-Man Saw
45:21 Town Patrol
56:35 Cavalier
57:15 Husbandry
57:26 Bloodlines
57:39 Forging
57:35 Scale Barding Armor
57:32 Bracer
57:42 Paladin
62:35 Iron Casting
62:20 Chain Barding Armor
65:07 Blast Furnace
65:28 Plate Barding Armor
68:36 Onager
dadiron
0:32 Loom
12:57 Feudal Age
18:58 Castle Age
17:20 Double-Bit Axe
28:00 Bow Saw
34:29 Imperial Age
32:41 Wheelbarrow
32:18 Horse Collar
32:40 Town Watch
33:22 Gold Mining
33:23 Stone Mining
33:43 Scale Mail Armor
33:54 Forging
34:38 Caravan
34:58 Heavy Plow
37:23 Crop Rotation
37:40 Onager
38:24 Elite Serjeant
39:46 Chain Mail Armor
40:17 Iron Casting
41:05 Guilds
41:26 Conscription
42:14 Hand Cart
41:46 Heavy Scorpion
43:19 Capped Ram
44:07 Hauberk
44:42 Plate Mail Armor
45:24 Blast Furnace
44:47 Pikeman
45:24 Fletching
45:35 Padded Archer Armor
48:32 Chemistry
47:38 Siege Engineers
47:31 Bodkin Arrow
48:51 First Crusade
47:59 Siege Ram
49:16 Leather Archer Armor
49:33 Bracer
49:39 Scale Barding Armor
50:16 Gold Shaft Mining
50:53 Siege Onager
52:15 Ballistics
52:08 Masonry
52:40 Murder Holes
52:42 Halberdier
65:25 Town Patrol
65:55 Chain Barding Armor
72:53 Plate Barding Armor
BALDUINO IV
2:57 Loom
11:56 Feudal Age
12:26 Double-Bit Axe
12:23 Horse Collar
12:11 Man-at-Arms
13:38 Wheelbarrow
13:19 Town Watch
23:29 Castle Age
22:12 Gold Mining
22:22 Stone Mining
22:59 Fletching
24:47 Hand Cart
24:33 Town Patrol
25:35 Stone Shaft Mining
25:10 Heavy Plow
25:20 Bow Saw
25:39 Bodkin Arrow
31:05 Imperial Age
36:33 Arquebus
36:46 Crossbowman
37:32 Thumb Ring
36:50 Long Swordsman
37:15 Gambesons
37:52 Scale Mail Armor
38:26 Bow Saw
39:04 Bracer
39:05 Padded Archer Armor
40:11 Pikeman
41:28 Elite Organ Gun
42:37 Halberdier
45:15 Chemistry
43:56 Treadmill Crane
44:12 Murder Holes
44:28 Masonry
46:12 Conscription
45:19 Arbalester
47:13 Bloodlines
47:04 Husbandry
46:26 Cavalier
46:48 Capped Ram
47:02 Light Cavalry
47:58 Chain Mail Armor
47:54 Forging
47:49 Scale Barding Armor
48:00 Leather Archer Armor
49:13 Architecture
51:53 Two-Man Saw
52:39 Onager
55:07 Chain Barding Armor
55:17 Plate Mail Armor
55:23 Iron Casting
55:18 Ring Archer Armor
57:22 Plate Barding Armor
64:18 Blast Furnace
76:05 Spies/Treason
Connection lost

Rejoining the realm…

Still unreachable

The connection could not be restored.

Session expired

The server has moved on; the page needs a fresh start.